 Dungeon Crawl Stone Soup version 0.31-a0-978-g1e143483b6 (webtiles) character file.

Game seed: 13334583957198564822

154 lessens the Ducker (level 5, 0/43 HPs)
             Began as a Gnoll Gladiator on Oct 30, 2023.
             Slain by an iguana (10 damage)
             ... on level 4 of the Dungeon.
             The game lasted 00:01:46 (2312 turns).

lessens the Ducker (Gnoll Gladiator)                Turns: 2312, Time: 00:01:47

Health: 0/43       AC: 10    Str: 15    XL:     5   Next: 36%
Magic:  7/7        EV:  9    Int:  7    God:
Gold:   113        SH:  0    Dex: 14    Spells: 7/7 levels left

rFire   . . .        a - +0 war axe
rCold   . . .        (no shield)
rNeg    . . .        j - +0 chain mail
rPois   .            c - +0 helmet
rElec   .            (no cloak)
rCorr   .            (no gloves)
SInv    .            k - +0 pair of boots
Will    .....        (no amulet) Stlth
                     (no ring)
HPRegen 0.27/turn    (no ring)
MPRegen 0.10/turn

%: no passive effects
@: no status effects
A: fangs 1, strong nose, distributed training
a: no special abilities


You were on level 4 of the Dungeon.
You visited 1 branch of the dungeon, and saw 4 of its levels.

You collected 113 gold pieces.

Inventory:

Hand Weapons
 a - a +0 war axe (weapon)
Missiles
 d - 3 throwing nets (quivered)
 e - a javelin
 g - 10 stones
 h - 3 curare-tipped darts
 r - 4 poisoned darts
Armour
 b - a +0 leather armour
 c - a +0 helmet (worn)
 j - a +0 chain mail (worn)
 k - a +0 pair of boots (worn)
Jewellery
 p - a ring of wizardry
Wands
 l - a wand of charming (6)
Scrolls
 f - a scroll of immolation {unknown}
 i - a scroll of teleportation {unknown}
 m - a scroll of fear {unknown}
 s - a scroll of brand weapon {unknown}
 v - a scroll of poison {unknown}
Potions
 n - a potion of curing {unknown}
 o - a potion of berserk rage {unknown}
 q - a potion of magic {unknown}
 t - a potion of heal wounds {unknown}
 u - a potion of attraction {unknown}


   Skills:
 + Level 4.8 Fighting
 + Level 1.5 Short Blades
 + Level 1.5 Long Blades
 + Level 6.7 Axes
 + Level 1.5 Maces & Flails
 + Level 1.5 Polearms
 + Level 1.5 Staves
 + Level 1.5 Ranged Weapons
 + Level 4.8 Throwing
 + Level 1.5 Armour
 + Level 6.7 Dodging
 + Level 1.5 Stealth
 + Level 1.5 Shields
 + Level 1.5 Unarmed Combat
 + Level 1.5 Spellcasting
 + Level 1.2 Conjurations
 + Level 1.2 Hexes
 + Level 1.2 Summonings
 + Level 1.2 Necromancy
 + Level 1.2 Translocations
 + Level 1.2 Transmutations
 + Level 1.2 Fire Magic
 + Level 1.2 Ice Magic
 + Level 1.2 Air Magic
 + Level 1.2 Earth Magic
 + Level 1.2 Poison Magic
 + Level 1.7 Invocations
 + Level 1.5 Evocations
 + Level 1.3 Shapeshifting


You had 7 spell levels left.
You didn't know any spells.
Your spell library was empty.

Dungeon Overview and Level Annotations

Branches:
Dungeon (4/15) Zot: 21663
 Temple: D:4-7

Altars:

Shops:
D:1 *

Annotations:
D:2 1 runed translucent door, Crazy Yiuf


Innate Abilities, Weirdness & Mutations

You have very sharp teeth.
Your uncanny sense of smell can sniff out nearby items.
Your experience applies equally to all skills.


Message History

The adder hisses angrily.
An adder is nearby!
An adder is nearby!
An adder is nearby!
You hit the adder.
The adder is lightly wounded.
The adder closely misses you.
You slash the adder!
You kill the adder!
No target in view!
No target in view!
An iguana comes into view.
Found 5 poisoned darts.
An iguana is nearby!
An iguana is nearby!
The iguana closely misses you.
You hit the iguana. You bite the iguana.
The iguana is lightly wounded.
The iguana bites you!
You hit the iguana but do no damage. Your bite misses the iguana.
The iguana is lightly wounded.
The iguana bites you but does no damage.
You closely miss the iguana.
The iguana is lightly wounded.
The iguana bites you.
You hit the iguana. You bite the iguana, but do no damage.
The iguana is heavily wounded.
The iguana bites you!
You closely miss the iguana. Your punch misses the iguana.
The iguana is heavily wounded.
The iguana bites you. The iguana bites you!
* * * LOW HITPOINT WARNING * * *
You hit the iguana but do no damage.
The iguana is heavily wounded.
The iguana bites you.
* * * LOW HITPOINT WARNING * * *
You hit the iguana.
The iguana is severely wounded.
The iguana bites you!
You die...

..# ..### ...## ...# ###
#..# ### ....###+#.[#
#.. ..........?####.##
......l@......#..#
..........###.#..#
.........(.##.#..#
.......).#.##.#.########
.........#.##...........
##########..###.########
#.. #.###### #.##.##...#
#..#.#.#


You could see an iguana.

Vanquished Creatures
  Natasha (thrice) (D:2)
  5 adders
  A dart slug (D:1)
  3 orcs (D:3)
  2 endoplasms
  3 giant cockroaches
  A goblin (D:1)
  3 hobgoblins (D:2)
  6 ball pythons
  4 bats
  3 frilled lizards
  4 rats
38 creatures vanquished.

Notes
Turn   | Place    | Note
-------+----------+-------------------------------------------
     0 | D:1      | lessens the Gnoll Gladiator began the quest for the Orb.
     0 | D:1      | Reached XP level 1. HP: 20/20 MP: 1/1
   258 | D:1      | Found Afrattux's Assorted Antiques.
   685 | D:2      | Reached XP level 2. HP: 26/26 MP: 2/2
   871 | D:2      | Reached XP level 3. HP: 30/31 MP: 3/3
   927 | D:2      | Reached skill level 1 in Invocations
   951 | D:2      | Noticed Natasha
   955 | D:2      | Killed Natasha
   956 | D:2      | Reached skill level 1 in Short Blades
   956 | D:2      | Reached skill level 1 in Long Blades
   956 | D:2      | Reached skill level 1 in Maces & Flails
   956 | D:2      | Reached skill level 1 in Polearms
   956 | D:2      | Reached skill level 1 in Staves
   956 | D:2      | Reached skill level 1 in Ranged Weapons
   956 | D:2      | Reached skill level 1 in Armour
   956 | D:2      | Reached skill level 1 in Stealth
   956 | D:2      | Reached skill level 1 in Shields
   956 | D:2      | Reached skill level 1 in Unarmed Combat
   956 | D:2      | Reached skill level 1 in Spellcasting
   956 | D:2      | Reached skill level 1 in Evocations
   956 | D:2      | Reached skill level 1 in Shapeshifting
   956 | D:2      | Reached XP level 4. HP: 27/38 MP: 5/5
  1192 | D:2      | Found a runed translucent door.
  1193 | D:2      | Noticed Crazy Yiuf
  1330 | D:2      | Noticed Natasha
  1342 | D:2      | Killed Natasha
  1343 | D:2      | Reached skill level 1 in Conjurations
  1343 | D:2      | Reached skill level 1 in Hexes
  1343 | D:2      | Reached skill level 1 in Summonings
  1343 | D:2      | Reached skill level 1 in Necromancy
  1343 | D:2      | Reached skill level 1 in Translocations
  1343 | D:2      | Reached skill level 1 in Transmutations
  1343 | D:2      | Reached skill level 1 in Fire Magic
  1343 | D:2      | Reached skill level 1 in Ice Magic
  1343 | D:2      | Reached skill level 1 in Air Magic
  1343 | D:2      | Reached skill level 1 in Earth Magic
  1343 | D:2      | Reached skill level 1 in Poison Magic
  1421 | D:2      | Noticed Natasha
  1425 | D:2      | Killed Natasha
  1426 | D:2      | Reached XP level 5. HP: 42/43 MP: 5/7
  2312 | D:4      | Slain by an iguana

Illustrated notes

Levels and vault maps discovered:
D:1:      dpeg_arrival_court, layout_rooms, serial_shops,
          nicolae_shop_tiny_waterfront
D:2:      layout_basic, uniq_crazy_yiuf_cottage, uniq_natasha
D:3:      layout_rooms
D:4:      layout_basic, chequers_temple_overflow_statue_of_worship,
          hangedman_abyss_or_decor_stagger

Skill      XL: |  1  2  3  4 |
---------------+-------------+-----
Invocations    | 1 |  1.7
Short Blades   | 1 |  1.5
Long Blades    | 1 |  1.5
Maces & Flails | 1 |  1.5
Polearms       | 1 |  1.5
Staves         | 1 |  1.5
Ranged Weapons | 1 |  1.5
Armour         | 1 |  1.5
Stealth        | 1 |  1.5
Shields        | 1 |  1.5
Unarmed Combat | 1 |  1.5
Spellcasting   | 1 |  1.5
Evocations     | 1 |  1.5
Shapeshifting  | 1 |  1.3
Conjurations   | 1 |  1.2
Hexes          | 1 |  1.2
Summonings     | 1 |  1.2
Necromancy     | 1 |  1.2
Translocations | 1 |  1.2
Transmutations | 1 |  1.2
Fire Magic     | 1 |  1.2
Ice Magic      | 1 |  1.2
Air Magic      | 1 |  1.2
Earth Magic    | 1 |  1.2
Poison Magic   | 1 |  1.2
Fighting       | |  4.8
Axes           | |  6.7
Throwing       | |  4.8
Dodging        | |  6.7

Action                     |  1- 3 |  4- 6 || total
---------------------------+-------+-------++-------
  Melee: War axe           |    51 |    82 ||   133
         Bite              |     5 |     6 ||    11
         Punch             |       |     2 ||     2
 Armour: Leather armour    |    26 |       ||    26
         Chain mail        |    19 |    62 ||    81
  Dodge: Dodged            |    38 |    36 ||    74

Table legend: (Time is in decaauts)
 A = Elapsed time spent in this place.
 B = Non-inter-level travel time spent in this place.
 C = Inter-level travel time spent in this place.
 D = Time resting spent in this place.
 E = Time spent auto-exploring this place.
 F = Levels seen in this place.
 G = Mean time per level.
                   A        B        C        D        E       F      G
               +--------+--------+--------+--------+--------+-----+--------+
         Total |   2335 |   2193 |    142 |      0 |   1861 |   4 |  583.8 |
       Dungeon |   2335 |   2193 |    142 |      0 |   1861 |   4 |  583.8 |
               +--------+--------+--------+--------+--------+-----+--------+

Top non-repeatable levels by time:
     D:2: 1035 daAuts
     D:1: 685 daAuts
     D:3: 552 daAuts
     D:4: 63 daAuts

Levels and vault maps discovered:
D:1:      dpeg_arrival_court, layout_rooms, serial_shops,
          nicolae_shop_tiny_waterfront
D:2:      layout_basic, uniq_crazy_yiuf_cottage, uniq_natasha
D:3:      layout_rooms
D:4:      layout_basic, chequers_temple_overflow_statue_of_worship,
          hangedman_abyss_or_decor_stagger
